 Dungeon Crawl Stone Soup version 0.23.0 (webtiles) character file.

Game seed: 7126916382175374168

1264 lapinsky the Chopper (level 8, 0/69 HPs)
             Began as a Hill Orc Fighter on Feb 17, 2019.
             Succumbed to Dowan's poison
             ... on level 4 of the Dungeon.
             The game lasted 00:17:01 (4804 turns).

lapinsky the Chopper (Hill Orc Fighter)             Turns: 4804, Time: 00:17:01

Health: 0/69       AC:  9    Str: 20    XL:     8   Next: 52%
Magic:  11/11      EV: 11    Int: 13    God:
Gold:   266        SH: 10    Dex: 16    Spells: 11/11 levels left

rFire    . . .     SeeInvis .   a - +0 war axe
rCold    . . .     Gourm    .   c - +0 shield
rNeg     . . .     Faith    .   e - +0 chain mail
rPois    .         Spirit   .   (no helmet)
rElec    .         Reflect  .   (no cloak)
rCorr    .         Harm     .   (no gloves)
MR       .....                  (no boots)
Stlth    ..........             (no amulet)
HPRegen  0.21/turn              (no ring)
MPRegen  0.12/turn              (no ring)

@: brilliant, agile, lethally poisoned (0 -> -1), about to teleport, berserk
cooldown, slowed, very slow
A: no striking features
a: no special abilities


You were on level 4 of the Dungeon.
You were not hungry.

You visited 1 branch of the dungeon, and saw 5 of its levels.

You collected 266 gold pieces.

Inventory:

Hand Weapons
 a - a +0 war axe (weapon)
 i - a +0 dagger of holy wrath
 l - a +0 dagger of venom
 s - a +0 dagger of flaming
 t - a +4 dagger of venom
Armour
 c - a +0 shield (worn)
 e - a +0 chain mail (worn)
Jewellery
 q - an uncursed ring of attention
Wands
 d - a wand of paralysis (20)
 m - a wand of polymorph (15)
Scrolls
 h - a scroll of enchant weapon {unknown}
 j - a scroll of fog {unknown}
 o - a scroll of random uselessness
 p - a scroll of blinking {unknown}
 r - a scroll of noise {unknown}
 w - a scroll of teleportation
Potions
 n - a potion of haste
Comestibles
 f - 6 rations


   Skills:
 + Level 5.6 Fighting
 + Level 0.7 Short Blades
 + Level 7.9 Axes
 * Level 2.9 Throwing
 + Level 5.0 Armour
 + Level 1.3 Dodging
 * Level 1.1 Stealth
 + Level 4.6 Shields
 - Level 2.2 Spellcasting
 * Level 0.8 Evocations


You had 11 spell levels left.
You didn't know any spells.
Your spell library contained the following spells:

 Spells                   Type           Power        Failure   Level  Hunger
 Beastly Appendage        Tmut           #.....       61%         1    ##.....
 Sticks to Snakes         Tmut           #.......     73%         2    ###....
 Spider Form              Tmut/Pois      #.........   89%         3    ####...
 Ice Form                 Ice/Tmut       #.......     99%         4    #####..
 Blade Hands              Tmut           #.........   100%        5    ######.


Dungeon Overview and Level Annotations

Branches:
Dungeon (5/15)             Temple (0/1) D:5

Altars:
Fedhas
Nemelex Xobeh
Okawaru
Trog


Message History

* * * LOW HITPOINT WARNING * * *
You feel sick.
Things that are here:
a cursed +0 leather armour; a +0 short sword; the elf corpse of Duvessa You eat one of the 7 rations.
That ration really hit the spot!
A red film seems to cover your vision as you go berserk!
You feel yourself moving faster!
You feel mighty!
You feel sick.
You feel a strong urge to attack something.
You feel your anger nearly subside.
You are no longer berserk.
You are exhausted.
You feel yourself slow down.
* * * LOW HITPOINT WARNING * * *
You feel sick.
As you read the scroll labeled QIAFOGUSET, it crumbles to dust.
You feel strangely unstable.
It was a scroll of teleportation.
As you read the scroll labeled NUMNYE ZODE, it crumbles to dust.
You feel as if something is helping you.
It was a scroll of remove curse.
You remove your ring of attention.
You die...

.#.# *,,,,,* .#.#
*,,**,* .#.#
*,***,* †#.# *,*
*,* .#.# *<***,*
...# *,,,,,* .###
*,,#*** †#
#######.[# .#
#.[.@....#* .#
#.######..# ##
#.# **,* ## #.#
*,* .# #.# *,* ##
#######.## *,* ##
#......#.######,*
.#
#.###.###.....#.#
.# #.##.##
##.##.#.#


There were no monsters in sight!

Vanquished Creatures
  Grinder (D:5)
  Duvessa (D:4)
  A sky beast (D:4)
  3 ogres
  Dowan (D:4)
  A scorpion (D:4)
  A centaur zombie (D:5)
  A hound (D:4)
  2 orc priests
  3 orc wizards
  Jessica (D:2)
  A centaur skeleton (D:5)
  Ijyb (D:3)
  Terence (D:2)
  An iguana (D:2)
  2 worker ants
  2 adders
  4 worms
  4 dart slugs
  3 leopard geckos
  19 orcs
  4 giant cockroaches
  7 goblins
  6 hobgoblins
  8 jackals
  4 kobolds
  4 quokkas
  A ball python zombie (D:5)
  6 bats
  8 frilled lizards
  A jackal skeleton (D:4)
  10 rats
  A plant (D:1)
114 creatures vanquished.

Notes
Turn   | Place    | Note
-------+----------+-------------------------------------------
     0 | D:1      | lapinsky the Hill Orc Fighter began the quest for the Orb.
     0 | D:1      | Reached XP level 1. HP: 19/19 MP: 1/1
   332 | D:1      | Reached XP level 2. HP: 20/27 MP: 2/2
   356 | D:1      | Reached skill level 3 in Axes
  1081 | D:2      | Noticed Terence
  1106 | D:2      | Killed Terence
  1106 | D:2      | Reached XP level 3. HP: 15/33 MP: 3/3
  1250 | D:2      | Noticed Jessica
  1256 | D:2      | Killed Jessica
  1256 | D:2      | Reached skill level 4 in Axes
  1256 | D:2      | Reached XP level 4. HP: 36/40 MP: 4/4
  1552 | D:2      | Reached XP level 5. HP: 28/46 MP: 5/5
  2009 | D:3      | Noticed an ogre
  2021 | D:3      | Killed an ogre
  2021 | D:3      | Reached skill level 5 in Axes
  2021 | D:3      | Reached skill level 1 in Throwing
  2021 | D:3      | Reached XP level 6. HP: 6/53 MP: 6/6
  2413 | D:3      | Noticed Ijyb
  2413 | D:3      | Paralysed by Ijyb for 6 turns
  2422 | D:3      | Killed Ijyb
  2644 | D:3      | Reached skill level 1 in Spellcasting
  3290 | D:4      | Reached skill level 1 in Dodging
  3507 | D:4      | Reached XP level 7. HP: 59/60 MP: 7/9
  3514 | D:4      | Found a blossoming altar of Fedhas.
  3514 | D:4      | Found a sparkling altar of Nemelex Xobeh.
  3514 | D:4      | Found a bloodstained altar of Trog.
  3569 | D:4      | You fall through a shaft!
  3569 | D:5      | Entered Level 5 of the Dungeon
  3583 | D:5      | Reached skill level 6 in Axes
  3848 | D:5      | Reached skill level 5 in Fighting
  4075 | D:5      | Found a staircase to the Ecumenical Temple.
  4090 | D:5      | Found an iron altar of Okawaru.
  4188 | D:5      | Noticed Grinder
  4199 | D:5      | Paralysed by Grinder for 2 turns
  4207 | D:5      | Killed Grinder
  4207 | D:5      | Reached skill level 7 in Axes
  4207 | D:5      | Reached XP level 8. HP: 30/68 MP: 9/11
  4745 | D:4      | Noticed Duvessa
  4747 | D:4      | Noticed Dowan
  4762 | D:4      | Killed Duvessa
  4776 | D:4      | Killed Dowan
  4776 | D:4      | Reached skill level 5 in Armour
  4776 | D:4      | Reached skill level 1 in Stealth
  4788 | D:4      | HP: 3/69 [poisoned by Dowan]
  4793 | D:4      | HP: 2/69 [poisoned by Dowan]
  4801 | D:4      | HP: 1/69 [poisoned by Dowan]
  4804 | D:4      | Succumbed to Dowan's poison

Skill      XL: |  1  2  3  4  5  6  7  8 |
---------------+-------------------------+-----
Axes           | 3 4 5 7 |  7.9
Fighting       | 4 5 |  5.6
Armour         | 4 5 |  5.0
Throwing       | 1 2 |  2.9
Shields        | 4 |  4.6
Spellcasting   | 1 2 |  2.2
Dodging        | 1 |  1.3
Stealth        | 1 |  1.1
Short Blades   | |  0.7
Evocations     | |  0.8

Action                   |  1- 3 |  4- 6 |  7- 9 || total
-------------------------+-------+-------+-------++-------
Melee: War axe           |    66 |   192 |   119 ||   377
       Dagger            |    22 |       |       ||    22
  Use: Scroll            |     2 |     1 |     6 ||     9
       Potion            |     1 |     1 |     9 ||    11
  Eat: Ration            |     1 |     1 |     2 ||     4
       Chunk             |       |     2 |       ||     2
Armor: Scale mail        |    25 |    79 |    10 ||   114
       Chain mail        |       |       |    33 ||    33
       Skin              |       |       |     3 ||     3
Dodge: Dodged            |    14 |    59 |    22 ||    95
Block: Shield            |    27 |    94 |    61 ||   182
